 Dungeon Sprint DCSS version 0.16-a0-3803-gd4b2de5 (webtiles) character file.

128 PolkaDot the Summoner (level 4, -3/34 HPs)
             Began as a Vampire Summoner on Jan 26, 2015.
             Was a Priest of Sif Muna.
             Slain by a hell hound (6 damage)
             ... in the Dungeon (Sprint V: "Ziggurat Sprint").
             The game lasted 00:03:56 (528 turns).

PolkaDot the Summoner (Vampire Summoner)             Turns: 528, Time: 00:03:56

Health: -3/34      AC:  2    Str: 12    XL:     4   Next: 86%
Magic:  14/14      EV: 18    Int: 24    God:    Sif Muna [***...]
Gold:   0          SH:  0    Dex: 19    Spells: 3 memorised, 2 levels left

rFire  + . .     SeeInvis +     J - +6 Majin-Bo {vamp, Archmagi MP+6 Int+6}
rCold  + . .     Clarity  .     a - +0 robe
rNeg   + . .     SustAb   .     (no shield)
rPois  +         Gourm    .     (no helmet)
rElec  +         Spirit   .     (no cloak)
rCorr  +         Warding  .     (no gloves)
rMut   .         NoTele   +     (no boots)
MR     .....                    (no amulet)
Stlth  ++++......               (no ring)
                                (no ring)

@: mighty, agile, resistant, not resistant to hostile enchantments, stealthy
A: bottle blood, fangs 3, see invisible, unbreathing
a: Bat Form, Channel Energy, Forget Spell, Renounce Religion


You were in the Dungeon.
You worshipped Sif Muna.
Sif Muna was most pleased with you.
You were not thirsty.

You visited 1 branch

Inventory:

Hand weapons
 J - the +6 Majin-Bo (weapon) {vamp, Archmagi MP+6 Int+6}
   (You found it in the Dungeon)

   It inflicts no extra harm, but heals its wielder somewhat when it strikes a
   living foe.
   It affects your intelligence (+6).
   It affects your magic capacity (+6).
Armour
 a - a +0 robe (worn)
Jewellery
 p - a +6 ring of dexterity
 q - a +6 ring of dexterity
 r - a +6 ring of intelligence
 s - a +6 ring of intelligence
 t - a +6 ring of strength
 u - a +6 ring of strength
Magical devices
 j - a wand of disintegration (7)
 k - a wand of fire (5)
 l - a wand of cold (5)
 m - a wand of draining (5)
Scrolls
 i - 4 scrolls of blinking
 v - 4 scrolls of amnesia
 w - 3 scrolls of recharging
 x - 7 scrolls of fog
 y - 5 scrolls of identify
 z - 5 scrolls of remove curse
 A - 2 scrolls of fear
Potions
 d - 10 potions of curing
 e - 8 potions of heal wounds
 f - 6 potions of haste
 g - 7 potions of magic
 h - 3 potions of berserk rage
 B - 2 potions of brilliance
 C - 2 potions of invisibility
 D - 2 potions of restore abilities
 E - 3 potions of resistance
 G - 4 potions of agility
 H - 4 potions of might
Books
 b - a book of Callings

   Spells                             Type                      Level
   a - Summon Small Mammal            Summoning                    1
   b - Call Imp                       Summoning                    2
   c - Call Canine Familiar           Summoning                    3
   d - Summon Guardian Golem          Hexes/Summoning              4
   e - Summon Lightning Spire         Summoning/Air                4
   f - Summon Ice Beast               Ice/Summoning                4
 c - Sif Muna's Compendium of Orientation
   (You found it in the Dungeon)

   Spells                             Type                      Level
   a - Blink                          Translocation                2
   b - Recall                         Summoning/Translocation      3
   c - Phase Shift                    Translocation                5
Miscellaneous
 o - a crystal ball of energy


   Skills:
 - Level 2.6 Fighting
 + Level 1.5 Staves
 - Level 2.1 Dodging
 - Level 3.0 Stealth
   Level 0.0 Shields
 + Level 2.8 Spellcasting
 * Level 10.2 Summonings
 - Level 2.9 Evocations


You had 2 spell levels left.
You knew the following spells:

 Your Spells              Type           Power        Failure   Level  Hunger
d - Call Canine Familiar  Summ           ######..     1%          3    ###....
s - Call Imp              Summ           ######..     1%          2    ##.....
z - Summon Small Mammal   Summ           ####         1%          1    None


Dungeon Overview and Level Annotations

Branches:
Dungeon (1/1)

Altars:
Ashenzari
Cheibriados
Dithmenos
Elyvilon
Fedhas
Gozag
Kikubaaqudgha
Makhleb
Nemelex Xobeh
Okawaru
Qazlal
Ru
Sif Muna
Trog
Vehumet
Xom
Yredelemnul
Zin
The Shining One
Beogh
Jiyva
Lugonu


Innate Abilities, Weirdness & Mutations

You can bottle blood from corpses.
You have razor-sharp teeth.
You have supernaturally acute eyesight.
You can survive without breathing.


Message History

You feel much better. The fire elemental hits you.
The fire elemental burns you! You resist. The hell hound barely misses you.
Drink which item? (? for menu, Esc to quit)
You feel very mighty all of a sudden. The fire elemental hits you.
The fire elemental burns you! You resist. The hell hound bites you.
* * * LOW HITPOINT WARNING * * *
The fire elemental completely misses you.
The fire elemental misses you. The hell hound bites you.
* * * LOW HITPOINT WARNING * * *
The fire elemental hits you. The fire elemental burns you! You resist.
* * * LOW HITPOINT WARNING * * *
You bludgeon the hell hound!!
The hell hound is severely wounded.
The hell hound misses you. The fire elemental hits you.
* * * LOW HITPOINT WARNING * * *
The fire elemental burns you! You resist.
* * * LOW HITPOINT WARNING * * *
The fire elemental closely misses you. The hell hound bites you.
You die...

▓▓▓▓▓▓▓▓▓▓▓▓▓▓▓▓▓▓▓
▓.8©8.▓.8©8.▓.8©8.▓
▓.):[.▓..)).▓.....▓
▓..}.v▓.....▓.5.).▓
▓.§§..▓..)..▓.....▓
▓.§...▓..|..▓.....▓
▓.EE..▓.....▓.....▓
▓..@h.▓.....▓▓▓▓▓▓▓
▓▓▓▓▓▓▓▓▓▓▓▓▓


You could see 2 fire elementals, a fire vortex and a hell hound.

Vanquished Creatures
  A ball python (D)
1 creature vanquished.

Vanquished Creatures (collateral kills)
  A water moccasin (D)
  2 orc priests (D)
  An orc wizard (D)
4 creatures vanquished.

Vanquished Creatures (others)
  A white imp (D)
1 creature vanquished.

Grand Total: 6 creatures vanquished

Notes
Turn   | Place    | Note
--------------------------------------------------------------
     0 | D        | PolkaDot, the Vampire Summoner, began the quest for the Orb.
     0 | D        | Reached XP level 1. HP: 13/13 MP: 3/3
     0 | D        | Found a viscous altar of Jiyva.
     0 | D        | Found a corrupted altar of Lugonu.
     0 | D        | Found a white marble altar of Elyvilon.
     2 | D        | Found a sparkling altar of Nemelex Xobeh.
     2 | D        | Found a burning altar of Makhleb.
     4 | D        | Found a deep blue altar of Sif Muna.
     4 | D        | Found a bloodstained altar of Trog.
     8 | D        | Found an iron altar of Okawaru.
    10 | D        | Found a radiant altar of Vehumet.
    11 | D        | Found a basalt altar of Yredelemnul.
    12 | D        | Found a shimmering altar of Xom.
    93 | D        | Became a worshipper of Sif Muna the Loreminder
    97 | D        | Acquired Sif Muna's first power
    97 | D        | Acquired Sif Muna's second power
    97 | D        | Reached skill level 8 in Summonings
    97 | D        | Reached XP level 2. HP: 19/19 MP: 3/4
   153 | D        | Learned a level 2 spell: Call Imp
   153 | D        | Entered arena 1.
   153 | D        | Noticed a water moccasin
   159 | D        | Killed a water moccasin
   159 | D        | Reached skill level 9 in Summonings
   159 | D        | Reached XP level 3. HP: 15/28 MP: 6/6
   159 | D        | Reached XP level 4. HP: 18/34 MP: 7/7
   166 | D        | Identified Sif Muna's Compendium of Orientation (You found it in the Dungeon)
   170 | D        | Learned a level 3 spell: Call Canine Familiar
   170 | D        | Identified Sif Muna's Compendium of Orientation (You found it in the Dungeon)
   170 | D        | Identified Sif Muna's Compendium of Orientation (You found it in the Dungeon)
   304 | D        | Entered arena 2.
   304 | D        | Noticed an orc priest
   304 | D        | Noticed an orc priest
   304 | D        | Noticed an orc wizard
   308 | D        | Killed an orc priest
   312 | D        | Killed an orc priest
   312 | D        | Reached skill level 1 in Staves
   312 | D        | Reached skill level 10 in Summonings
   313 | D        | Killed an orc wizard
   522 | D        | Entered arena 3.
   522 | D        | Noticed a fire elemental
   522 | D        | Noticed a fire elemental
   522 | D        | Noticed a fire vortex
   522 | D        | Noticed a hell hound
   528 | D        | Slain by a hell hound

Action                   |  1- 3 |  4- 6 || total
-------------------------+-------+-------++-------
Melee: Quarterstaff      |     3 |     1 ||     4
 Cast: Call Imp          |     2 |     3 ||     5
       Summon Small Mamm |       |     2 ||     2
       Call Canine Famil |       |     1 ||     1
  Use: Potion            |     1 |     6 ||     7
  Eat: Corpse            |       |     2 ||     2
